Map: [ESL] Oceanborn

Players

gumiho - Winner!

  • Race: Terran Terran
  • Spawn Location: 5:00

ProtossFan (uThermal)

  • Race: Terran Terran
  • League: Grandmaster
  • Spawn Location: 11:00

Event: HomeStory Cup XXV

VOD

Have the link to the VOD?

Description

Time

  • Played on: June 21, 2024, 12:17 p.m.
  • Length: 6:37

All games in this series

Show
View Real Time Build Order
Export as new Build Order

gumiho Terran - Winner!

Build Orders:  

Get SALT Encoding   

  12  0:00  SCV  
  13  0:12  SCV  
  14  0:16  Supply Depot  
  14  0:24  SCV  
  15  0:38  SCV  
  15  0:39  Barracks  
  15  0:42  Refinery  
  16  0:50  SCV  
  16  0:52  Refinery  
  17  1:02  SCV  
  18  1:14  SCV  
  19  1:26  Orbital Command, Barracks Reactor  
  19  1:27  Supply Depot  
  19  1:39  Factory  
  19  1:52  SCV  
  20  2:02  Reaper x2  
  20  2:04  SCV  
  23  2:16  SCV  
  26  2:23  Hellion  
  26  2:28  Command Center  
  27  2:34  Reaper x2  
  28  2:38  Supply Depot  
  28  2:40  SCV  
  29  2:46  Hellion  
  31  2:55  Starport  
  31  3:03  SCV  
  32  3:07  Marine x2  
  32  3:08  Factory Tech Lab  
  34  3:15  SCV  
  35  3:25  Marine x2  
  37  3:32  Medivac  
  37  3:39  SCV  
  38  3:43  Marine x2  
  37  3:51  Siege Tank  
  37  3:52  SCV  
  37  3:53  Orbital Command  
  38  4:01  Marine x2  
  38  4:02  Viking  
  42  4:04  SCV  
  43  4:12  Supply Depot  
  43  4:16  SCV  
  44  4:19  SCV  
  44  4:23  Siege Tank  
  44  4:24  Marine x2  
  50  4:33  SCV x2  
  52  4:38  Supply Depot  
  52  4:45  SCV x2, Viking x2  
  58  4:56  Supply Depot  
  58  4:58  Siege Tank  
  60  5:01  Refinery  
  60  5:02  SCV x2, Marine  
  63  5:17  SCV x2, Viking  
  63  5:20  Marine  
  68  5:27  Supply Depot  
  68  5:28  Viking  
  68  5:29  SCV  
  68  5:30  SCV  
  72  5:37  Command Center  
  72  5:41  Siege Tank  
  76  5:42  SCV  
  76  5:44  SCV  
  76  5:49  Refinery  
  77  5:58  Viking  
  77  5:59  Viking  
  76  6:22  SCV  
  76  6:23  SCV  
  71  6:31  Factory  
Show
View Real Time Build Order
Export as new Build Order

ProtossFan Terran 

Build Orders: Cyclone Opening 

Get SALT Encoding   

  12  0:00  SCV  
  13  0:12  SCV  
  14  0:16  Supply Depot  
  14  0:24  SCV  
  15  0:38  SCV  
  15  0:41  Barracks  
  15  0:42  Refinery  
  16  0:50  SCV  
  16  0:53  Refinery  
  17  1:02  SCV  
  18  1:14  SCV  
  19  1:27  Reaper  
  19  1:28  Orbital Command  
  19  1:30  Supply Depot  
  20  1:41  Factory  
  21  1:54  SCV  
  21  2:01  Barracks Reactor  
  21  2:06  SCV  
  22  2:18  SCV  
  22  2:21  Command Center  
  23  2:28  Cyclone  
  25  2:30  SCV  
  26  2:39  Starport  
  26  2:42  SCV  
  27  2:47  Supply Depot  
  27  2:50  Marine  
  28  2:53  Marine  
  28  2:55  SCV  
  30  3:08  SCV  
  30  3:09  Marine, Cyclone  
  30  3:11  Marine  
  35  3:16  Medivac  
  37  3:20  SCV  
  38  3:27  Refinery  
  37  3:35  Marine  
  37  3:38  Orbital Command  
  37  3:41  SCV  
  34  3:50  Factory Tech Lab  
  34  3:51  Starport Tech Lab  
  34  3:53  SCV  
  35  4:04  SCV  
  35  4:05  SCV  
  37  4:12  Command Center  
  37  4:15  Raven  
  40  4:17  SCV  
  40  4:20  SCV  
  41  4:26  Siege Tank  
  41  4:29  SCV  
  45  4:33  SCV  
  45  4:35  Marine x2  
  48  4:41  Supply Depot, SCV  
  48  4:44  Interference Matrix  
  49  4:45  SCV  
  49  4:49  Raven  
  52  4:52  Refinery  
  52  4:53  SCV  
  52  5:00  SCV  
  52  5:02  Siege Tank  
  52  5:05  SCV  
  57  5:09  Marine x2  
  57  5:13  SCV  
  60  5:17  SCV  
  55  5:23  Raven  
  55  5:25  Orbital Command, SCV  
  58  5:29  SCV  
  58  5:31  Marine x2  
  58  5:34  Siege Tank  
  64  5:39  SCV, Factory  
  64  5:41  SCV  
  66  5:45  Supply Depot  
  66  5:47  Orbital Command  
  66  5:49  Marine x2  
  68  5:51  SCV  
  68  5:53  SCV  
  70  5:57  Supply Depot, Raven  
  70  6:03  SCV  
  69  6:06  SCV  
  72  6:15  SCV  
  72  6:18  SCV  
Tags
 
Add a new tag
Caveats
  • Supply blocks, unpowered buildings, or Contaminate may cause inaccurate times.
  • Supply counts are checked every 10 seconds.